 Dungeon Crawl Stone Soup version 0.30-a0-4-ga7cffc901d (webtiles) character file.

Game seed: 15773958164758035047

146 frimble the Digger (level 5, -3/39 HPs)
             Began as a Demonspawn Earth Elementalist on Aug 20, 2022.
             Was an Initiate of Cheibriados.
             Succumbed to their own poison gas
             ... on level 5 of the Dungeon.
             The game lasted 00:02:48 (4133 turns).

frimble the Digger (Demonspawn Earth Elementalist)  Turns: 4133, Time: 00:02:48

Health: -3/39      AC:  3    Str: 11    XL:     5   Next: 7%
Magic:  8/8        EV: 12    Int: 18    God:    Cheibriados [......]
Gold:   145        SH:  0    Dex: 12    Spells: 7/8 levels left

rFire   . . .      SeeInvis .      - Unarmed
rCold   . . .      Faith    .    (no shield)
rNeg    + . .      Spirit   .    a - +0 robe
rPois   +          Reflect  .    (no helmet)
rElec   .          Harm     .    (no cloak)
rCorr   +          Rampage  .    h - +0 pair of gloves
Will    .....      Clarity  +    (no boots)
Stlth   ++........               (no amulet)
HPRegen 0.13/turn                c - ring of resist corrosion
MPRegen 0.11/turn                e - ring of positive energy

@: lethally poisoned (-3 -> -27), attractive, flying, very slow
A: claws 1, foul stench 1, big brain 1, clarity, clumsy 1, dopey 1, poison
resistance
a: Renounce Religion


You were on level 5 of the Dungeon.
You worshipped Cheibriados.
Cheibriados was noncommittal.
You visited 1 branch of the dungeon, and saw 5 of its levels.

You collected 145 gold pieces.

Inventory:

Hand Weapons
 d - a +1 dagger of draining
Armour
 a - a +0 robe (worn)
 h - a +0 pair of gloves (worn)
Jewellery
 c - a ring of resist corrosion (left hand)
 e - a ring of positive energy (right hand)
Scrolls
 f - a scroll of poison
 g - 2 scrolls of identify {unknown}
 i - a scroll of immolation {unknown}
 j - 2 scrolls of butterflies {unknown}
 k - 2 scrolls of enchant armour {unknown}
 p - a scroll of enchant weapon {unknown}
 q - 3 scrolls of acquirement {unknown}
Potions
 b - a potion of magic
 o - 2 potions of invisibility {unknown}


   Skills:
 + Level 2.7 Fighting
 - Level 1.4 Short Blades
 - Level 1.8 Dodging
 - Level 1.8 Stealth
 + Level 2.6 Unarmed Combat
 - Level 2.0 Spellcasting
 - Level 1.0 Transmutations
 - Level 2.7 Earth Magic


You had 7 spell levels left.
You knew the following spells:

 Your Spells              Type           Power      Damage    Failure   Level
a - Sandblast             Erth           22%        2d7       6%          1

Your spell library contained the following spells:

 Spells                   Type           Power      Damage    Failure   Level
 Passwall                 Tmut/Erth      6%         N/A       13%         2
 Stone Arrow              Conj/Erth      12%        3d7       30%         3
 Petrify                  Tmut/Erth      8%         N/A       63%         4


Dungeon Overview and Level Annotations

Branches:
Dungeon (5/15)
 Temple: D:4-7

Altars:
Cheibriados
Gozag


Innate Abilities, Weirdness & Mutations

You have sharp fingernails.
You may rarely emit foul miasma when damaged in melee.
You have an unusually large brain. (Int +2)
You possess an exceptional clarity of mind.
You are clumsy. (Dex -2)
You are dopey. (Int -2)
Your system is resistant to poisons. (rPois)


Message History

The phantom hits you.
The phantom blinks!
You blink.
A ball python comes into view.
Found a hand axe.
You aren't carrying any items that you can evoke.
Okay, then.
The phantom attacks as you move away! The phantom closely misses you.
The phantom misses you.
There is a stone staircase leading down here.
The phantom barely misses you.
You climb downwards.
There is a stone staircase leading up here.
The air fills with toxic fumes!
As you read the scroll labelled MUGGYGUNIH, it crumbles to dust.
It was a scroll of poison.
The phantom barely misses you.
You hit the phantom.
The phantom is lightly damaged.
The phantom hits you.
The phantom blinks!
You blink.
You hit the phantom.
The phantom is moderately damaged.
You are engulfed in poison gas.
You are poisoned.
* * * LOW HITPOINT WARNING * * *
You feel sick. The phantom closely misses you.
It was a potion of attraction.
You feel attractive to monsters.
You are engulfed in poison gas.
You are more poisoned.
* * * LOW HITPOINT WARNING * * *
x2 You feel very sick.
The phantom barely misses you.
It was a potion of mutation.
You feel extremely strange.
You feel stupid.
You feel clumsy.
You feel resistant to poisons.
Your thoughts seem clearer.
* * * LOW HITPOINT WARNING * * *
You feel very sick. The phantom closely misses you.
It was a potion of flight.
You feel very buoyant.
You fly up into the air.
You die...

#######
#.....#
#§§§.
#§§#
#@W##
#§§§...+
#§☼§...#
#§§##..#
##§§#####
#§§<§...#
#§§.§...#
######+##


You could see a phantom.

Vanquished Creatures
  An orc wizard (D:2)
  6 adders
  4 worms
  A dart slug (D:2)
  3 orcs
  6 endoplasms
  2 giant cockroaches
  5 goblins
  5 hobgoblins
  5 kobolds
  8 ball pythons
  4 bats
  A frilled lizard (D:1)
  2 rats
53 creatures vanquished.

Notes
Turn   | Place    | Note
-------+----------+-------------------------------------------
     0 | D:1      | frimble the Demonspawn Earth Elementalist began the quest
                  | for the Orb.
     0 | D:1      | Reached XP level 1. HP: 13/13 MP: 3/3
   180 | D:1      | Reached skill level 1 in Transmutations
   736 | D:1      | Reached skill level 1 in Short Blades
   894 | D:1      | Gained mutation: You have sharp fingernails. [demonic
                  | ancestry]
   894 | D:1      | Reached XP level 2. HP: 16/16 MP: 5/5
  1975 | D:2      | Reached skill level 1 in Unarmed Combat
  2209 | D:2      | Reached skill level 1 in Fighting
  2209 | D:2      | Gained mutation: You may rarely emit foul miasma when
                  | damaged in melee. [demonic ancestry]
  2209 | D:2      | Reached XP level 3. HP: 26/26 MP: 6/6
  2592 | D:2      | Gained mutation: You have an unusually large brain. (Int
                  | +2) [demonic ancestry]
  2592 | D:2      | Reached XP level 4. HP: 13/33 MP: 7/7
  2923 | D:3      | Found a snail-covered altar of Cheibriados.
  2949 | D:3      | Became a worshipper of Cheibriados the Contemplative
  3921 | D:3      | Reached XP level 5. HP: 36/39 MP: 8/8
  4107 | D:4      | Noticed a phantom
  4118 | D:4      | Found an opulent altar of Gozag.
  4127 | D:5      | Entered Level 5 of the Dungeon
  4132 | D:5      | Gained mutation: You are dopey. (Int -2) [potion of
                  | mutation]
  4132 | D:5      | Gained mutation: You are clumsy. (Dex -2) [potion of
                  | mutation]
  4132 | D:5      | Gained mutation: Your system is resistant to poisons.
                  | (rPois) [potion of mutation]
  4132 | D:5      | Gained mutation: You possess an exceptional clarity of
                  | mind. [potion of mutation]
  4132 | D:5      | HP: 1/39 [poisoned by you (poison gas)]
  4133 | D:5      | Succumbed to their own poison gas

Illustrated notes

Levels and vault maps discovered:
D:1:      amcnicky_arrival_single_pillar, layout_loops_ring
D:2:      minmay_chambers_of_twos, layout_basic
D:3:      layout_basic, slow_altar_1, mainiacjoe_overflow_tiny_flanked
D:4:      layout_cave_pools, mainiacjoe_overflow_small_starburst,
          nicolae_gozag_seed_capital
D:5:      layout_gridville, uniq_eustachio

Skill      XL: |  1  2  3  4 |
---------------+-------------+-----
Transmutations | 1 |  1.0
Short Blades   | 1 |  1.4
Unarmed Combat | 1 2 |  2.6
Fighting       | 1 2 |  2.7
Dodging        | |  1.8
Stealth        | |  1.8
Spellcasting   | |  2.0
Earth Magic    | |  2.7

Action                   |  1- 3 |  4- 6 || total
-------------------------+-------+-------++-------
Melee: Dagger            |   114 |   104 ||   218
       Unarmed           |     4 |     4 ||     8
       Punch             |     1 |     3 ||     4
Throw: Dart              |     2 |       ||     2
 Cast: Sandblast         |     2 |       ||     2
  Use: Potion            |       |     3 ||     3
       Scroll            |       |     1 ||     1
 Stab: Sleeping          |     4 |     1 ||     5
       Distracted        |       |     1 ||     1
Armor: Robe              |    33 |    27 ||    60
Dodge: Dodged            |    73 |    83 ||   156

Table legend: (Time is in decaauts)
 A = Elapsed time spent in this place.
 B = Non-inter-level travel time spent in this place.
 C = Inter-level travel time spent in this place.
 D = Time resting spent in this place.
 E = Time spent auto-exploring this place.
 F = Levels seen in this place.
 G = Mean time per level.
                   A        B        C        D        E       F      G
               +--------+--------+--------+--------+--------+-----+--------+
         Total |   4280 |   4164 |    116 |      0 |   3651 |   5 |  856.0 |
       Dungeon |   4280 |   4164 |    116 |      0 |   3651 |   5 |  856.0 |
               +--------+--------+--------+--------+--------+-----+--------+

Top non-repeatable levels by time:
     D:2: 1759 daAuts
     D:1: 1252 daAuts
     D:3: 1242 daAuts
     D:4: 19 daAuts
     D:5: 5 daAuts
